 Dungeon Crawl Stone Soup version 0.30.1-11-g7821555f0a (webtiles) character file.

Game seed: 7786333774008698540

25 Okkudo the Chopper (level 3, -6/33 HPs)
             Began as a Hill Orc Monk on Dec 3, 2023.
             Was a Believer of Beogh.
             Killed by nerve-wracking pain
             ... invoked by Grinder
              (14 damage)
             ... on level 3 of the Dungeon.
             The game lasted 00:03:14 (1815 turns).

Okkudo the Chopper (Hill Orc Monk)                  Turns: 1815, Time: 00:03:15

Health: -6/33      AC:  5    Str: 15    XL:     3   Next: 4%
Magic:  3/3        EV: 11    Int: 10    God:    Beogh [**....]
Gold:   81         SH:  0    Dex: 13    Spells: 2/2 levels left

rFire   . . .        a - +0 hand axe
rCold   . . .        d - orb {light}
rNeg    . . .        j - +0 ring mail
rPois   .            (no helmet)
rElec   .            (no cloak)
rCorr   .            (no gloves)
SInv    .            (no boots)
Will    .....        (no amulet)
Stlth   +            (no ring)
HPRegen 0.25/turn    (no ring)
MPRegen 0.08/turn

%: no passive effects
@: glowing
A: no striking features
a: Renounce Religion, Smiting


You were on level 3 of the Dungeon.
You worshipped Beogh.
Beogh was pleased with you.
You visited 1 branch of the dungeon, and saw 3 of its levels.

You collected 81 gold pieces.

Inventory:

Hand Weapons
 a - a +0 hand axe (weapon)
Armour
 d - an orb of light (worn)
 j - a +0 ring mail (worn)
Scrolls
 b - a scroll of blinking {unknown}
 e - 2 scrolls of teleportation {unknown}
 f - a scroll of brand weapon {unknown}
 h - a scroll of poison {unknown}
 k - a scroll of identify {unknown}
 m - a scroll of fear {unknown}
Potions
 c - a potion of ambrosia
 g - a potion of cancellation {unknown}
 i - 4 potions of curing {unknown}
 l - a potion of lignification {unknown}


   Skills:
 + Level 4.1 Fighting
 + Level 4.5 Axes
 + Level 2.7 Dodging


You had 2 spell levels left.
You didn't know any spells.
Your spell library was empty.

Dungeon Overview and Level Annotations

Branches:
Dungeon (3/15)

Altars:

Annotations:
D:3 Grinder


Message History

Grinder is lightly wounded.
Grinder gestures at you. You resist with significant effort.
You barely miss Grinder.
Grinder is lightly wounded.
Grinder closely misses you.
Grinder says, "You look like you could use a good racking."
Grinder hits you.
You hit Grinder but do no damage.
Grinder is lightly wounded.
Grinder says, "You look like you could use a good racking."
Grinder barely misses you.
You barely miss Grinder.
Grinder is lightly wounded.
Grinder misses you.
You barely miss Grinder.
Grinder is lightly wounded.
Grinder hits you!
You writhe in agony.
You hit Grinder but do no damage.
Grinder is lightly wounded.
Grinder misses you.
You closely miss Grinder.
Grinder blinks!
You barely miss Grinder. Grinder hits you but does no damage.
You hit Grinder but do no damage. Grinder hits you!
* * * LOW HITPOINT WARNING * * *
You writhe in agony.
* * * LOW HITPOINT WARNING * * *
You hit Grinder but do no damage.
Grinder blinks!
Grinder blinks!
You start resting.
Grinder is nearby!
Grinder is nearby!
Grinder blinks!
You start resting.
Grinder is nearby!
A frilled lizard comes into view.
The frilled lizard hisses angrily.
Grinder gestures at you. Pain shoots through your body!
You die...

#.# ###......########...# ...
..#.................# #.#
#.#.......########..# #.#
#.#....5......... ..# #.#
#.#.###.#.######. ..# #.#
#.#.###.#.# ########
##.###.#.....#.# #.......
#..........#.#.######.#.######
#.......l....@........#.<#
#............##.#######..#
##..........#.##..........#
#...........#.##..........#
#...........#.###.#########
#[........).....#....#
#...........#.#.####.#
#...###########.# #.# #...#
#.# #.#


You could see Grinder and a frilled lizard.

Vanquished Creatures
  An adder (D:3)
  4 endoplasms
  A hobgoblin (D:1)
  3 kobolds
  2 quokkas
  2 ball pythons
  2 frilled lizards
15 creatures vanquished.

Vanquished Creatures (others)
  A ball python (D:2)
1 creature vanquished.

Grand Total: 16 creatures vanquished

Notes
Turn   | Place    | Note
-------+----------+-------------------------------------------
     0 | D:1      | Okkudo the Hill Orc Monk began the quest for the Orb.
     0 | D:1      | Reached XP level 1. HP: 19/19 MP: 1/1
    57 | D:1      | Found a faded altar of an unknown god.
   238 | D:1      | Reached XP level 2. HP: 25/27 MP: 2/2
  1050 | D:2      | Became a worshipper of Beogh the Brigand
  1050 | D:2      | Reached * piety under Beogh
  1050 | D:2      | Reached ** piety under Beogh
  1754 | D:3      | Reached XP level 3. HP: 33/33 MP: 3/3
  1772 | D:3      | Noticed Grinder
  1787 | D:3      | HP: 1/33 [Grinder (5)]
  1815 | D:3      | Killed from afar by Grinder

Illustrated notes

Levels and vault maps discovered:
D:1:      saegor_arrival_fortress, layout_basic,
          hellmonk_ecumenical_altar_run_dry
D:2:      cheibrodos_pilgrimage, layout_loops_ring
D:3:      minmay_chambers_of_twos, layout_basic, mainiacjoe_overflow_paths,
          uniq_terence, uniq_sigmund, uniq_grinder

Skill      XL: |  1  2 |
---------------+-------+-----
Fighting       | 4 |  4.1
Axes           | |  4.5
Dodging        | |  2.7

Action                     || total
---------------------------++-------
  Melee: Hand axe          ||    50
 Invoke: Convert to Beogh  ||     1
 Armour: Robe              ||     3
         Ring mail         ||    10
  Dodge: Dodged            ||    21
